 Dungeon Crawl Stone Soup version 0.18.1-8-gdd0e5ea (webtiles) character file.

145 Metae the Ruffian (level 5, -6/46 HPs)
             Began as a Minotaur Monk on May 26, 2016.
             Was a Follower of Okawaru.
             Mangled by Duvessa
             ... wielding a +0 short sword
              (7 damage)
             ... on level 6 of the Dungeon.
             The game lasted 00:20:40 (2807 turns).

Metae the Ruffian (Minotaur Monk)                   Turns: 2807, Time: 00:20:41

Health: -6/46      AC:  5    Str: 17    XL:     5   Next: 6%
Magic:  4/4        EV: 12    Int:  7    God:    Okawaru [*.....]
Gold:   98         SH:  2    Dex: 12    Spells: 0 memorised, 4 levels left

rFire  . . .     SeeInvis .       - Unarmed
rCold  . . .     Gourm    .     o - +0 ring mail
rNeg   . . .     Faith    .     (no shield)
rPois  .         Spirit   .     (helmet restricted)
rElec  .         Dismiss  .     (no cloak)
rCorr  .         Reflect  +     (no gloves)
SustAt .         Harm     .     (no boots)
MR     .....                    r - +2 amulet of reflection
Stlth  +.........               (no ring)
                                (no ring)

@: not resistant to hostile enchantments, very unstealthy
A: retaliatory headbutt, horns 2
a: Heroism, Renounce Religion


You were on level 6 of the Dungeon.
You worshipped Okawaru.
Okawaru was aware of your devotion.
You were not hungry.

You visited 1 branch of the dungeon, and saw 4 of its levels.

You collected 98 gold pieces.

Inventory:

Hand Weapons
 b - a +0 whip
 e - a +0 club
 s - a +0 arbalest
Armour
 a - a +0 robe
 f - a +0 leather armour
 o - a +0 ring mail (worn)
Jewellery
 m - a cursed ring of teleportation
 r - a +2 amulet of reflection (around neck)
Scrolls
 d - 4 scrolls of identify
 j - a scroll of fog {unknown}
 q - a scroll of amnesia {unknown}
Potions
 c - 4 potions of lignification {unknown}
 g - a potion of ambrosia {unknown}
 k - a potion of heal wounds {unknown}
 l - a potion of might {unknown}
 n - a potion of resistance {unknown}


   Skills:
 + Level 4.1 Fighting
 * Level 1.3 Maces & Flails
 + Level 1.9 Armour
 + Level 3.8 Dodging
 * Level 2.2 Stealth
 * Level 5.6 Unarmed Combat


You had 4 spell levels left.
You didn't know any spells.

Dungeon Overview and Level Annotations

Branches:
Dungeon (3/15)

Altars:
Okawaru
Trog

Annotations:
D:6 Duvessa


Innate Abilities, Weirdness & Mutations

You reflexively headbutt those who attack you in melee.
You have a pair of horns on your head.


Message History

Duvessa, Sister of Dowan comes into view.
She is wielding a short sword.
Items here: ) [ ††† a dagger; a robe; a jackal corpse x3
You start resting.
Duvessa is nearby!
Items here: ) [ ††† a dagger; a robe; a jackal corpse x3
Duvessa shouts!
Duvessa goes berserk!
Duvessa hits you with a short sword!
You barely miss Duvessa. Duvessa hits you with a short sword.
* * * LOW HITPOINT WARNING * * *
You barely miss Duvessa. You headbutt Duvessa.
Duvessa is lightly wounded.
Duvessa barely misses you. You furiously retaliate!
You headbutt Duvessa. You hit Duvessa.
Duvessa is lightly wounded.
Duvessa hits you with a short sword!
* * * LOW HITPOINT WARNING * * *
Duvessa hits you with a short sword!
You die...

...............
...$..........$...
..................
............(.....
................
.. #..............
.)..#.............
.......e..#.......
.##..##@..........
... #)###....... .
#.# ....... #.#
....... ...
.###### e...# ##
.....# ##....#
######


You could see Duvessa (berserk).

Vanquished Creatures
  Dowan (D:6)
  3 adders
  A shadow imp (D:6)
  A dart slug (D:2)
  A giant gecko (D:1)
  6 bats
  8 goblins
  4 hobgoblins (D:1)
  14 jackals
  A ball python (D:1)
  4 giant newts
  7 kobolds
  6 rats
57 creatures vanquished.

Notes
Turn   | Place    | Note
--------------------------------------------------------------
     0 | D:1      | Metae the Minotaur Monk began the quest for the Orb.
     0 | D:1      | Reached XP level 1. HP: 19/19 MP: 0/0
   361 | D:1      | Reached XP level 2. HP: 20/26 MP: 1/1
   709 | D:1      | Reached skill level 5 in Unarmed Combat
   904 | D:1      | Reached XP level 3. HP: 21/33 MP: 2/2
  1947 | D:2      | Found a bloodstained altar of Trog.
  2205 | D:2      | Found an iron altar of Okawaru.
  2217 | D:2      | Became a worshipper of Warmaster Okawaru
  2217 | D:2      | Reached * piety under Okawaru
  2217 | D:2      | Reached ** piety under Okawaru
  2336 | D:2      | Reached skill level 1 in Armour
  2365 | D:2      | Reached XP level 4. HP: 40/40 MP: 3/3
  2728 | D:3      | You fall through a shaft for 3 floors!
  2731 | D:6      | Noticed Dowan
  2753 | D:6      | Killed Dowan
  2753 | D:6      | Reached skill level 1 in Maces & Flails
  2753 | D:6      | Reached XP level 5. HP: 22/46 MP: 2/4
  2797 | D:6      | Noticed Duvessa
  2807 | D:6      | HP: 1/46 [Duvessa/short sword (9)]
  2807 | D:6      | Mangled by Duvessa

Skill      XL: |  1  2  3  4 |
---------------+-------------+-----
Unarmed Combat | 5 |  5.6
Fighting       | 4 |  4.1
Armour         | 1 |  1.9
Stealth        | 2 |  2.2
Maces & Flails | 1 |  1.3
Dodging        | |  3.8

Action                   |  1- 3 |  4- 6 || total
-------------------------+-------+-------++-------
Melee: Unarmed           |    85 |    31 ||   116
       Headbutt          |     8 |     6 ||    14
Invok: Heroism           |     1 |     1 ||     2
  Use: Scroll            |       |     2 ||     2
 Stab: Sleeping          |     1 |       ||     1
  Eat: Bread ration      |     1 |       ||     1
       Beef jerky        |       |     1 ||     1
Armor: Robe              |     3 |       ||     3
       Leather armour    |    11 |       ||    11
       Ring mail         |     3 |    14 ||    17
Dodge: Dodged            |    63 |    29 ||    92
Block: Other             |       |     1 ||     1
